 Dungeon Crawl Stone Soup version 0.30-a0-879-ga8ba668304 (webtiles) character file.

Game seed: 5508592450147877358

282 retardedninja the Covered (level 6, 0/55 HPs)
             Began as an Armataur Fighter on Mar 13, 2023.
             Slain by an adder (1 damage)
             ... on level 3 of the Dungeon.
             The game lasted 00:02:37 (2322 turns).

retardedninja the Covered (Armataur Fighter)        Turns: 2322, Time: 00:02:38

Health: 0/55       AC:  7    Str: 24    XL:     6   Next: 6%
Magic:  6/6        EV:  7    Int:  8    God:
Gold:   123        SH:  4    Dex:  9    Spells: 5/5 levels left

rFire   . . .      SeeInvis .    a - +0 war axe
rCold   . . .      Faith    .    c - +0 buckler
rNeg    . . .      Spirit   .    b - +0 scale mail
rPois   .          Reflect  .    (no helmet)
rElec   .          Roll     +    (no cloak)
rCorr   .                        (no gloves)
Will    .....                    (no barding) Stlth
                                 (no amulet)
HPRegen 0.29/turn                (no ring)
MPRegen 0.10/turn                (no ring)

@: mighty, brilliant
A: large, rugged brown scales 3, deformed body, armoured tail, roll, long
tongue, awkward tongue
a: no special abilities


You were on level 3 of the Dungeon.
You visited 1 branch of the dungeon, and saw 3 of its levels.

You collected 123 gold pieces.

Inventory:

Hand Weapons
 a - a +0 war axe (weapon)
Armour
 b - a +0 scale mail (worn)
 c - a +0 buckler (worn)
Jewellery
 m - an amulet of faith
Scrolls
 e - 2 scrolls of identify {unknown}
 g - a scroll of amnesia {unknown}
 h - a scroll of magic mapping {unknown}
 j - a scroll of teleportation {unknown}
 l - a scroll of torment {unknown}
 n - a scroll of immolation {unknown}
Potions
 f - 2 potions of flight {unknown}
 k - a potion of brilliance


   Skills:
 + Level 3.7 Fighting
 * Level 3.5 Axes
 + Level 4.9 Armour
 + Level 4.4 Shields


You had 5 spell levels left.
You didn't know any spells.
Your spell library contained the following spells:

 Spells                   Type           Power      Damage    Failure   Level
 Portal Projectile        Hex/Tloc       0%         N/A       98%         3
 Tukima's Dance           Hex            0%         N/A       98%         3
 Blade Hands              Tmut           0%         N/A       100%        5


Dungeon Overview and Level Annotations

Branches:
Dungeon (3/15)

Altars:

Shops:
D:1 *


Innate Abilities, Weirdness & Mutations

You are completely covered in rugged brown scales. (AC +3, +7% HP)
Armour fits poorly on your strangely shaped body.
You have a long armoured tail.
You roll when moving toward enemies. (Rampage)
Your long tongue fully drains potion bottles. (2x potion effects)
Your tongue gives you trouble enunciating. (1.5x scroll delay)


Message History

The puff of flame hits you!
* * * LOW HITPOINT WARNING * * *
Things that are here:
a +0 war axe; a +0 ring mail Unknown command.
You completely miss something.
Your tail-slap misses something.
An orc comes into view. It is wielding a +0 whip.
Something hits you.
* * * LOW HITPOINT WARNING * * *
Something hits you.
* * * LOW HITPOINT WARNING * * *
Unknown command.
You miss something.
The orc shouts!
Something hits you but does no damage.
A goblin comes into view. It is wielding a +0 club.
A giant cockroach comes into view.
Unknown command.
You miss something.
The goblin shouts!
You hear a shout!
Something hits you but does no damage.
Unknown command.
You miss something.
Your tail-slap misses something.
You slash the adder! The adder bites you.
* * * LOW HITPOINT WARNING * * *
You hear some strange, mumbled words.
A magic dart appears from out of thin air!
The magic dart hits you.
* * * LOW HITPOINT WARNING * * *
An orc comes into view. It is wielding a +0 club.
The adder barely misses you. Something hits you.
* * * LOW HITPOINT WARNING * * *
An orc wizard comes into view. It is wielding a +0 dagger.
Unknown command.
You slurp down every last drop of the yellow potion!
It was a potion of brilliance.
You feel clever all of a sudden.
The orc shouts!
The adder bites you.
You die...

#.#.....#...
#.........# .
#.........# .#
#......)..# #.###
#.....<...##.....
#.....).)........
#..#..)......g...
#...##..S{..$....
#...#[#..@...B...
#....#.##†.....##
#.....# .#.o..#.#
#...S. .# #..#.#
.... .# ..# .#
...... ...# .
..... .o.. ..
...o


You could see an orc wizard, an adder, 2 orcs, a giant cockroach and a goblin.

Vanquished Creatures
  Sigmund (D:2)
  An orc priest (D:3)
  An orc wizard (D:2)
  2 adders (D:2)
  2 worms (D:2)
  A dart slug (D:2)
  5 orcs
  3 ball pythons
  2 endoplasms (D:1)
  3 giant cockroaches (D:1)
  3 goblins (D:1)
  2 hobgoblins
  4 kobolds
  4 quokkas
  8 bats
  7 frilled lizards
  3 rats
52 creatures vanquished.

Notes
Turn   | Place    | Note
-------+----------+-------------------------------------------
     0 | D:1      | retardedninja the Armataur Fighter began the quest for the
                  | Orb.
     0 | D:1      | Reached XP level 1. HP: 19/19 MP: 1/1
    92 | D:1      | Found Tyolaf's General Store.
   204 | D:1      | Reached XP level 2. HP: 26/26 MP: 2/2
   937 | D:2      | Reached XP level 3. HP: 28/32 MP: 3/3
  1571 | D:2      | Noticed Sigmund
  1577 | D:2      | Killed Sigmund
  1578 | D:2      | Reached XP level 4. HP: 28/40 MP: 4/4
  1578 | D:2      | Reached XP level 5. HP: 33/48 MP: 5/5
  1992 | D:3      | HP: 2/48 [something/puff of flame (11)]
  2317 | D:3      | Reached XP level 6. HP: 21/55 MP: 6/6
  2321 | D:3      | HP: 1/55 [something (2)]
  2322 | D:3      | Slain by an adder

Illustrated notes

Levels and vault maps discovered:
D:1:      eino_arrival_cavern_b, layout_basic, serial_shops,
          nicolae_shop_temple_entry_statues_fountains, serial_corexii_hall,
          corexii_hall_statues_u, corexii_hall_statues_l,
          minmay_misc_feat_encased
D:2:      layout_basic, kennysheep_small_spiral, minmay_crystal_room,
          roderic_three_in_a_row, uniq_sigmund
D:3:      layout_rooms, mainiacjoe_overflow_paths,
          mainiacjoe_overflow_small_starburst, corexii_hall_statues_l,
          minmay_misc_feat_secret_circle, uniq_grinder

Skill      XL: |  1  2  3 |
---------------+----------+-----
Axes           | 2 3 |  3.5
Armour         | 4 |  4.9
Fighting       | 3 |  3.7
Shields        | 4 |  4.4

Action                     |  1- 3 |  4- 6 || total
---------------------------+-------+-------++-------
  Melee: War axe           |    97 |    46 ||   143
         Tailslap          |     8 |     2 ||    10
    Use: Potion            |       |     4 ||     4
 Armour: Scale mail        |    55 |    52 ||   107
  Dodge: Dodged            |    32 |    18 ||    50
  Block: Buckler           |    22 |     5 ||    27

Table legend: (Time is in decaauts)
 A = Elapsed time spent in this place.
 B = Non-inter-level travel time spent in this place.
 C = Inter-level travel time spent in this place.
 D = Time resting spent in this place.
 E = Time spent auto-exploring this place.
 F = Levels seen in this place.
 G = Mean time per level.
                   A        B        C        D        E       F      G
               +--------+--------+--------+--------+--------+-----+--------+
         Total |   2379 |   2305 |     74 |    279 |   1660 |   3 |  793.0 |
       Dungeon |   2379 |   2305 |     74 |    279 |   1660 |   3 |  793.0 |
               +--------+--------+--------+--------+--------+-----+--------+

Top non-repeatable levels by time:
     D:2: 1448 daAuts
     D:1: 877 daAuts
     D:3: 53 daAuts
